 Dungeon Crawl Stone Soup version 0.21.0-3-g78d12a8 (webtiles) character file.

324 RollingDesktops the Slasher (level 6, -2/53 HPs)
             Began as a Gnoll Chaos Knight on Jan 12, 2018.
             Was a Believer of Lugonu.
             Slain by an ogre
             ... wielding a +0 giant spiked club
              (15 damage)
             ... on level 4 of the Dungeon on Jan 17, 2018.
             The game lasted 00:12:31 (3517 turns).

RollingDesktops the Slasher (Gnoll Chaos Knight)    Turns: 3517, Time: 00:12:31

Health: -2/53      AC:  9    Str: 17    XL:     6   Next: 48%
Magic:  9/9        EV:  8    Int: 14    God:    Lugonu [**....]
Gold:   165        SH:  0    Dex: 14    Spells: 9/9 levels left

rFire    . . .     SeeInvis .   a - +0 falchion (chaos)
rCold    . . .     Gourm    +   (no shield)
rNeg     . . .     Faith    .   p - +0 chain mail
rPois    .         Spirit   .   (no helmet)
rElec    .         Reflect  .   (no cloak)
rCorr    .         Harm     .   (no gloves)
MR       .....                  (no boots)
Stlth    ..........             k - amulet of the gourmand
HPRegen  0.17/turn              (no ring)
MPRegen  0.11/turn              (no ring)

@: no status effects
A: distributed training, fangs 1, blurry vision 1, strong nose
a: Depart the Abyss, Bend Space, Renounce Religion


You were on level 4 of the Dungeon.
You worshipped Lugonu.
Lugonu was pleased with you.
You were very hungry.

You visited 1 branch of the dungeon, and saw 4 of its levels.

You collected 165 gold pieces.

Inventory:

Hand Weapons
 a - a +0 falchion of chaos (weapon)
Missiles
 g - 20 poisoned needles
Armour
 b - a +2 leather armour
 e - a +0 robe
 p - a +0 chain mail (worn)
Jewellery
 k - an amulet of the gourmand (around neck)
 q - an uncursed amulet of rage
 u - a cursed -2 ring of evasion {unknown}
Scrolls
 d - 5 scrolls of remove curse
 i - 5 scrolls of teleportation {unknown}
 j - a scroll of enchant armour {unknown}
 l - a scroll of identify {unknown}
 n - 2 scrolls of enchant weapon {unknown}
 s - a scroll of magic mapping {unknown}
 t - a scroll of amnesia {unknown}
Potions
 f - 2 potions of heal wounds {unknown}
 h - 3 potions of degeneration {unknown}
 m - a potion of berserk rage {unknown}
 o - a potion of invisibility {unknown}
Comestibles
 c - 3 rations


   Skills:
 + Level 6.8 Fighting
 + Level 2.0 Short Blades
 + Level 6.8 Long Blades
 + Level 2.0 Axes
 + Level 2.0 Maces & Flails
 + Level 2.0 Polearms
 + Level 2.0 Staves
 + Level 2.0 Slings
 + Level 2.0 Bows
 + Level 2.0 Crossbows
 + Level 2.0 Throwing
 + Level 5.0 Armour
 + Level 3.2 Dodging
 + Level 2.0 Stealth
 + Level 2.0 Shields
 + Level 2.0 Unarmed Combat
 + Level 2.0 Spellcasting
 + Level 1.5 Conjurations
 + Level 1.5 Hexes
 + Level 1.5 Charms
 + Level 1.5 Summonings
 + Level 1.5 Necromancy
 + Level 1.5 Translocations
 + Level 1.5 Transmutations
 + Level 1.5 Fire Magic
 + Level 1.5 Ice Magic
 + Level 1.5 Air Magic
 + Level 1.5 Earth Magic
 + Level 1.5 Poison Magic
 + Level 2.1 Invocations
 + Level 2.0 Evocations


You had 9 spell levels left.
You didn't know any spells.

Dungeon Overview and Level Annotations

Branches:
Dungeon (4/15)
 Temple: D:4-7

Altars:
Ashenzari
Gozag
Lugonu


Innate Abilities, Weirdness & Mutations

Your experience applies equally to all skills.
You have very sharp teeth.
Your uncanny sense of smell can sniff out nearby items.
Scrolls take you a little longer to read.


Message History

The ogre is heavily wounded.
The ogre misses you.
Your chain mail prevents you from hitting the ogre.
The ogre is heavily wounded.
You hit the ogre. You freeze the ogre. Your bite misses the ogre.
The ogre is severely wounded.
The ogre hits you with a giant spiked club!
You hit the ogre but do no damage.
The ogre is severely wounded.
The ogre hits you with a giant spiked club!
* * * LOW HITPOINT WARNING * * *
You hit the ogre. You burn the ogre.
The ogre is almost dead.
You hit the ogre but do no damage.
The ogre is almost dead.
The ogre barely misses you.
Your chain mail prevents you from hitting the ogre.
The ogre is almost dead.
The ogre hits you with a giant spiked club!
You die...

.###.. ...#..# #....#
##....# ##.....##
##.......# ##......#
..##@O.....##
!..!.........(.#
..........?....##
........###.......####
........ ###..(...#.#
...#...## ##.......#
........# ####.....##
........# ##.......##
........###.......##


You could see an ogre.

Vanquished Creatures
  The ghost of matthes123 the Digger, an amateur GnEE (D:3)
  A hound (D:4)
  An orc wizard (D:4)
  A worker ant (D:4)
  2 adders
  A river rat (D:1)
  An ooze (D:4)
  A worm (D:3)
  A dart slug (D:2)
  5 orcs
  4 giant cockroaches
  8 goblins
  8 hobgoblins
  11 jackals
  10 kobolds
  A quokka (D:2)
  A ball python (D:1)
  3 bats
  9 frilled lizards
  8 rats
78 creatures vanquished.

Vanquished Creatures (others)
  A jackal (D:1)
1 creature vanquished.

Grand Total: 79 creatures vanquished

Notes
Turn   | Place    | Note
-------+----------+-------------------------------------------
     0 | D:1      | RollingDesktops the Gnoll Chaos Knight began the quest for the Orb.
     0 | D:1      | Reached XP level 1. HP: 23/23 MP: 1/1
   303 | D:1      | Reached XP level 2. HP: 29/29 MP: 2/2
   315 | D:1      | XOM: divination: detect items
   414 | D:1      | Reached XP level 3. HP: 6/35 MP: 3/3
   812 | D:1      | XOM: harmless Pois miscast
  1160 | D:1      | XOM: noise
  1442 | D:2      | Reached skill level 1 in Invocations
  1673 | D:2      | Found a faded altar of an unknown god.
  1685 | D:2      | Reached skill level 1 in Short Blades
  1685 | D:2      | Reached skill level 1 in Axes
  1685 | D:2      | Reached skill level 1 in Maces & Flails
  1685 | D:2      | Reached skill level 1 in Polearms
  1685 | D:2      | Reached skill level 1 in Staves
  1685 | D:2      | Reached skill level 1 in Slings
  1685 | D:2      | Reached skill level 1 in Bows
  1685 | D:2      | Reached skill level 1 in Crossbows
  1685 | D:2      | Reached skill level 1 in Throwing
  1685 | D:2      | Reached skill level 1 in Stealth
  1685 | D:2      | Reached skill level 1 in Shields
  1685 | D:2      | Reached skill level 1 in Unarmed Combat
  1685 | D:2      | Reached skill level 1 in Spellcasting
  1685 | D:2      | Reached skill level 1 in Evocations
  1695 | D:2      | Reached XP level 4. HP: 33/41 MP: 5/5
  1722 | D:2      | Fell from the grace of Xom
  1722 | D:2      | Became a worshipper of Lugonu the Unformed
  1722 | D:2      | Reached * piety under Lugonu
  1722 | D:2      | Reached ** piety under Lugonu
  1961 | D:2      | Found an opulent altar of Gozag.
  2138 | D:3      | Noticed matthes123's ghost (amateur GnEE)
  2155 | D:3      | Killed matthes123's ghost
  2155 | D:3      | Reached skill level 1 in Conjurations
  2155 | D:3      | Reached skill level 1 in Hexes
  2155 | D:3      | Reached skill level 1 in Charms
  2155 | D:3      | Reached skill level 1 in Summonings
  2155 | D:3      | Reached skill level 1 in Necromancy
  2155 | D:3      | Reached skill level 1 in Translocations
  2155 | D:3      | Reached skill level 1 in Transmutations
  2155 | D:3      | Reached skill level 1 in Fire Magic
  2155 | D:3      | Reached skill level 1 in Ice Magic
  2155 | D:3      | Reached skill level 1 in Air Magic
  2155 | D:3      | Reached skill level 1 in Earth Magic
  2155 | D:3      | Reached skill level 1 in Poison Magic
  2155 | D:3      | Reached XP level 5. HP: 21/47 MP: 5/7
  2511 | D:3      | Found a shattered altar of Ashenzari.
  3172 | D:3      | Reached XP level 6. HP: 42/53 MP: 8/8
  3212 | D:3      | XOM: medium Chrm miscast
  3330 | D:3      | XOM: give mutation
  3330 | D:3      | Gained mutation: Scrolls take you a little longer to read. [Xom's mischief]
  3453 | D:4      | Reached skill level 5 in Armour
  3517 | D:4      | Slain by an ogre

Skill      XL: |  1  2  3  4  5  6 |
---------------+-------------------+-----
Invocations    | 1 2 |  2.1
Short Blades   | 1 2 |  2.0
Axes           | 1 2 |  2.0
Maces & Flails | 1 2 |  2.0
Polearms       | 1 2 |  2.0
Staves         | 1 2 |  2.0
Slings         | 1 2 |  2.0
Bows           | 1 2 |  2.0
Crossbows      | 1 2 |  2.0
Throwing       | 1 2 |  2.0
Stealth        | 1 2 |  2.0
Shields        | 1 2 |  2.0
Unarmed Combat | 1 2 |  2.0
Spellcasting   | 1 2 |  2.0
Evocations     | 1 2 |  2.0
Dodging        | 3 |  3.2
Conjurations   | 1 |  1.5
Hexes          | 1 |  1.5
Charms         | 1 |  1.5
Summonings     | 1 |  1.5
Necromancy     | 1 |  1.5
Translocations | 1 |  1.5
Transmutations | 1 |  1.5
Fire Magic     | 1 |  1.5
Ice Magic      | 1 |  1.5
Air Magic      | 1 |  1.5
Earth Magic    | 1 |  1.5
Poison Magic   | 1 |  1.5
Armour         | 5 |  5.0
Fighting       | |  6.8
Long Blades    | |  6.8

Action                   |  1- 3 |  4- 6 || total
-------------------------+-------+-------++-------
Melee: Falchion          |    75 |    94 ||   169
       Bite              |    13 |    17 ||    30
  Use: Potion            |       |     3 ||     3
       Scroll            |       |     1 ||     1
 Stab: Paralysed         |       |     1 ||     1
  Eat: Ration            |     1 |     1 ||     2
Armor: Robe              |    16 |     2 ||    18
       Leather armour    |     2 |       ||     2
       Chain mail        |       |    24 ||    24
Dodge: Dodged            |    90 |    59 ||   149
       Rpst.: Falchion   |    27 |    20 ||    47
